 Dungeon Crawl Stone Soup version 0.28-a0-1624-g820543e53a (webtiles) character file.

Game seed: 8658589457182645627

59 innerfire433 the Ducker (level 4, 0/35 HPs)
             Began as a Djinni Monk on Jan 23, 2022.
             Was a Priest of Jiyva.
             Slain by hgbash's ghost (5 damage)
             ... on level 3 of the Dungeon.
             The game lasted 00:03:53 (1777 turns).

innerfire433 the Ducker (Djinni Monk)               Turns: 1777, Time: 00:03:54

Health: 0/35       AC:  4    Str: 12    XL:     4   Next: 22%
Gold:   108        EV: 13    Int: 17    God:    Jiyva [***...] SH:  0 Dex: 16

rFire   + + .      SeeInvis .   a - +0 hand axe
rCold   x . .      Faith    .   (no shield)
rNeg    . . .      Spirit   .   b - +0 robe
rPois   ∞          Reflect  .   (helmet restricted)
rElec   .          Harm     .   (no cloak)
rCorr   +          Rampage  .   (no gloves)
Will    .....                   (boots unavailable)
Stlth   ++........              (no amulet)
HPRegen 1.23/turn               h - +6 ring of intelligence
MPRegen 0.00/turn               (no ring)

@: flying, very slightly contaminated
A: sickness immunity, fire resistance 2, cold vulnerability 1, float, innate
caster, hp casting, extra vitality 1, beak, iridescent scales 1, acidic bite,
evolution 2
a: Renounce Religion, Oozemancy


You were on level 3 of the Dungeon.
You worshipped Jiyva.
Jiyva was most pleased with you.
You visited 1 branch of the dungeon, and saw 3 of its levels.

You collected 108 gold pieces.

Inventory:

Hand Weapons
 a - a +0 hand axe (weapon)
Armour
 b - a +0 robe (worn)
Magical Staves
 i - a staff of air
Jewellery
 h - a +6 ring of intelligence (left hand)
Scrolls
 c - a scroll of teleportation {unknown}
 d - a scroll of enchant armour {unknown}
 g - a scroll of identify {unknown}
Potions
 e - a potion of flight {unknown}
 f - a potion of degeneration {unknown}
 j - a potion of lignification {unknown}


   Skills:
 + Level 3.5 Fighting
 * Level 2.9 Axes
 - Level 3.8 Dodging
 - Level 2.2 Stealth
 * Level 0.0 Spellcasting


You had 2 spell levels left.
You knew the following spells:

 Your Spells              Type           Power      Damage    Failure   Level
a - Freeze                Ice            0%         1d3       24%         1
Your spell library was empty.

Dungeon Overview and Level Annotations

Branches:
Dungeon (3/15)

Altars:
Fedhas
Jiyva

Annotations:
D:3 hgbash's ghost, amateur OpEE


Innate Abilities, Weirdness & Mutations

You are immune to sickness and miasma.
You are immune to poison.
Your flesh is very heat resistant. (rF++)
You are vulnerable to cold. (rC-)
You float through the air rather than walking.
You learn spells naturally, not from books.
Your magical power is your life essence.
You have superior vitality. (+4 MHP)
You have a beak for a mouth.
You are partially covered in iridescent scales. (AC +2)
You have acidic saliva.
You have great hidden genetic potential.


Message History

You peck hgbash's ghost, but do no damage.
Hgbash's ghost is moderately damaged.
Hgbash's ghost casts a spell at you. The blast of sand hits you!
Casting: Freeze (safe; 24% risk of failure)
Confirm with . or Enter, or press ? or * to list all spells.
Aiming: Freeze (safe; 24% risk of failure)
Press: ? - help, Shift-Dir - straight line, f - hgbash's ghost
Aim: hgbash's ghost (moderately damaged)
You miscast Freeze.
You are very lightly contaminated with residual magic.
Nothing appears to happen.
Hgbash's ghost hits you.
Casting: Freeze (safe; 24% risk of failure)
Confirm with . or Enter, or press ? or * to list all spells.
Aiming: Freeze (safe; 24% risk of failure)
Press: ? - help, Shift-Dir - straight line, f/p - hgbash's ghost
Aim: hgbash's ghost (moderately damaged)
You miscast Freeze.
Nothing appears to happen.
Hgbash's ghost misses you.
Casting: Freeze (safe; 24% risk of failure)
Confirm with . or Enter, or press ? or * to list all spells.
Aiming: Freeze (safe; 24% risk of failure)
Press: ? - help, Shift-Dir - straight line, f/p - hgbash's ghost
Aim: hgbash's ghost (moderately damaged)
You freeze hgbash's ghost.
Hgbash's ghost is moderately damaged.
Hgbash's ghost barely misses you.
You hit hgbash's ghost.
Hgbash's ghost is moderately damaged.
Hgbash's ghost barely misses you.
You barely miss hgbash's ghost.
Hgbash's ghost is moderately damaged.
Hgbash's ghost lets out a mournful wail.
Hgbash's ghost casts a spell at you. The blast of sand hits you!
You completely miss hgbash's ghost.
Hgbash's ghost is moderately damaged.
Hgbash's ghost hits you!
* * * LOW HITPOINT WARNING * * *
Hgbash's ghost hits you.
You die...

#.....# #.####...#
..##.....######.........
........................
..####...#######.###...#
. #...# #.###..## #.#.#
#.##..##


#ZZZ# #.##.## ##W## #.##. #@# #.##. #.# #.... #.# #. ..# #. ### .. You could see
hgbash's ghost, a killer bee zombie, a water moccasin skeleton and a bullfrog
skeleton.

Vanquished Creatures
  Jessica (D:3)
  An adder (D:2)
  2 dart slugs (D:2)
  An orc (D:3)
  A giant cockroach (D:2)
  A goblin (D:1)
  2 hobgoblins (D:2)
  2 jackals (D:3)
  4 ball pythons
  A frilled lizard (D:3)
  3 kobolds (D:1)
  3 rats
22 creatures vanquished.

Vanquished Creatures (others)
  A giant cockroach (D:2)
  A frilled lizard (D:2)
  A kobold (D:2)
  A rat (D:3)
4 creatures vanquished.

Grand Total: 26 creatures vanquished

Notes
Turn   | Place    | Note
-------+----------+-------------------------------------------
     0 | D:1      | innerfire433 the Djinni Monk began the quest for the Orb.
     0 | D:1      | Reached XP level 1. HP: 20/20 MP: 0/0
   925 | D:1      | Found a faded altar of an unknown god.
   942 | D:1      | Prayed at the altar of an unknown god.
   942 | D:1      | Became a worshipper of Jiyva Just the Shapeless
   942 | D:1      | Reached * piety under Jiyva
   942 | D:1      | Reached ** piety under Jiyva
   980 | D:2      | Reached XP level 2. HP: 24/25 MP: 0/0
  1094 | D:2      | Reached *** piety under Jiyva
  1123 | D:2      | Found a blossoming altar of Fedhas.
  1377 | D:2      | Reached XP level 3. HP: 30/30 MP: 0/0
  1377 | D:2      | Learned a level 1 spell: Freeze
  1549 | D:3      | Gained mutation: You have acidic saliva. [Jiyva's grace]
  1549 | D:3      | Gained mutation: You have hidden genetic potential.
                  | [Jiyva's grace]
  1549 | D:3      | Gained mutation: You have great hidden genetic potential.
                  | [Jiyva's grace]
  1549 | D:3      | Gained mutation: You are partially covered in iridescent
                  | scales. (AC +2) [Jiyva's grace]
  1607 | D:3      | Noticed Jessica
  1631 | D:3      | Killed Jessica
  1632 | D:3      | Reached XP level 4. HP: 28/35 MP: 0/0
  1651 | D:3      | Gained mutation: You have a beak for a mouth. [hidden
                  | potential]
  1705 | D:3      | Found a runed translucent gate.
  1705 | D:3      | Found a runed translucent gate.
  1706 | D:3      | Found a runed translucent gate.
  1751 | D:3      | Noticed hgbash's ghost (amateur OpEE)
  1777 | D:3      | Slain by hgbash's ghost

Illustrated notes

Levels and vault maps discovered:
D:1:      dpeg_arrival_leaves_temple_mockup, layout_loops_ring,
          ebering_ecumenical_altar_hall
D:2:      layout_loops_ring, basic_altar
D:3:      layout_loops_corners, gammafunk_ghost_necromancy, uniq_jessica,
          uniq_crazy_yiuf_cottage

Skill      XL: |  1  2 |
---------------+-------+-----
Stealth        | 2 |  2.2
Fighting       | |  3.5
Axes           | |  2.9
Dodging        | |  3.8

Action                   |  1- 3 |  4- 6 || total
-------------------------+-------+-------++-------
Melee: Hand axe          |    80 |    17 ||    97
       Bite              |     2 |     4 ||     6
       Peck              |       |     3 ||     3
 Cast: Freeze            |       |     1 ||     1
 Stab: Sleeping          |     5 |       ||     5
Armor: Robe              |    14 |     4 ||    18
Dodge: Dodged            |    45 |    19 ||    64

Table legend: (Time is in decaauts)
 A = Elapsed time spent in this place.
 B = Non-inter-level travel time spent in this place.
 C = Inter-level travel time spent in this place.
 D = Time resting spent in this place.
 E = Time spent auto-exploring this place.
 F = Levels seen in this place.
 G = Mean time per level.
                   A        B        C        D        E       F      G
               +--------+--------+--------+--------+--------+-----+--------+
         Total |   1791 |   1741 |     50 |      0 |   1450 |   3 |  597.0 |
       Dungeon |   1791 |   1741 |     50 |      0 |   1450 |   3 |  597.0 |
               +--------+--------+--------+--------+--------+-----+--------+

Top non-repeatable levels by time:
     D:1: 973 daAuts
     D:2: 584 daAuts
     D:3: 233 daAuts
